 Dungeon Crawl Stone Soup version 0.31.0-11-ge490571c62 (webtiles) character file.

Game seed: 12650579605017684318

35125 qw the Spry (level 13, -5/65 HPs)
             Began as a Spriggan Hunter on Feb 3, 2024.
             Was a High Priest of Okawaru.
             Slain by a wyvern (13 damage)
             ... on level 4 of the Lair of Beasts.
             The game lasted 00:01:22 (9571 turns).

qw the Spry (Spriggan Hunter)                       Turns: 9571, Time: 00:01:23

Health: -5/65      AC:  6    Str:  7    XL:     13   Next: 45%
Magic:  21/21      EV: 35    Int: 10    God:    Okawaru [*****.]
Gold:   640        SH:  5    Dex: 30    Spells: 12/12 levels left

rFire   + . .        e - +7 hand cannon "Mule" {flame, backblast, rF+}
rCold   . . .        (no shield)
rNeg    . . .        q - +0 acid dragon scales
rPois   .            (helmet restricted)
rElec   .            k - scarf {repulsion}
rCorr   +            (gloves unavailable)
SInv    +            (boots unavailable)
Will    +++..        m - amulet of reflection
Stlth   ++           a - ring of willpower
HPRegen 0.30/turn    n - +6 ring of dexterity
MPRegen 0.17/turn

%: repel missiles, reflection
@: lethally poisoned (-5 -> -15), about to teleport, slowed, quick
A: very small, no large weapons, unfitting armour, see invisible, speed 3
a: Renounce Religion, Heroism, Finesse, Duel


You were on level 4 of the Lair of Beasts.
You worshipped Okawaru.
Okawaru was extremely pleased with you.
You visited 2 branches of the dungeon, and saw 12 of its levels.

You collected 640 gold pieces.


Innate Abilities, Weirdness & Mutations

You are very small and have problems with some larger weapons.
You are too small for most types of armour.
You have supernaturally acute eyesight. (SInv)
You cover ground extremely quickly. (Speed+++)


   Skills:
 - Level 6.1 Fighting
 + Level 15.9 Ranged Weapons
 - Level 2.0 Armour
 - Level 16.0 Dodging
 - Level 1.5 Stealth
 - Level 10.0 Invocations


You had 12 spell levels left.
You didn't know any spells.
Your spell library was empty.

Inventory:

Hand Weapons
 e - the +7 hand cannon "Mule" (weapon) {flame, backblast, rF+}
   (You acquired it on level 1 of the Dungeon)

   rF+:       It protects you from fire.
Armour
 k - a scarf of repulsion (worn)
 q - +0 acid dragon scales (worn)
Jewellery
 a - a ring of willpower (left hand)
 m - an amulet of reflection (around neck)
 n - a +6 ring of dexterity (right hand)
 Y - a +6 ring of strength
Wands
 c - a wand of iceblast (10)
 p - a wand of digging (8)
Scrolls
 l - 2 scrolls of teleportation
 r - a scroll of enchant weapon
Potions
 b - a potion of resistance
 d - a potion of magic
 f - a potion of might
 g - 3 potions of curing
 h - a potion of attraction {unknown}
 i - a potion of degeneration {unknown}
 o - a potion of enlightenment

Dungeon Overview and Level Annotations

Branches:
Dungeon (8/15)             Temple (0/1) D:6            Lair (4/5) D:8
  Swamp (0/4) Lair:2        Snake (0/4) Lair:2
  Slime: Lair:4-5

Altars:
Elyvilon
Kikubaaqudgha
Okawaru
Trog
Zin

Shops:
D:1 !

Annotations:
D:1 exclusion: endoplasm
D:8 3 runed translucent doors, qw's ghost, novice GrHu
Lair:3 3 runed translucent doors, qw's ghost, journeyman DgHu
Lair:4 exclusion: scorpion


Message History

The bolt closely misses the black mamba.
Mule's kick sends you backwards. The wyvern misses you.
The black mamba completely misses you.
Enter note:
Enter note: You shoot a bolt.
The bolt hits the black mamba!!
The bolt burns the black mamba.
The black mamba is almost dead.
Mule's kick sends you backwards. The black mamba completely misses you.
The black mamba closely misses you. The wyvern closely misses you.
The hornet barely misses you.
Enter note:
Enter note: You shoot a bolt.
The bolt hits the black mamba!
The bolt burns the black mamba.
You kill the black mamba!
Okawaru accepts your kill. Okawaru grants you throwing weapons!
Something appears at your feet!
The black mamba completely misses you. x2; You block the wyvern's attack.
The hornet misses you. The wyvern completely misses you.
The black mamba bites you.
You are poisoned.
The black mamba poisons you! The komodo dragon bites you.
You shoot a bolt.
The bolt closely misses the komodo dragon.
The bolt hits the scorpion.
The bolt burns the scorpion.
The scorpion is moderately wounded.
You feel very sick. The hornet completely misses you.
The black mamba completely misses you. The wyvern completely misses you.
The hornet stings you!
You feel yourself slow down. The black mamba misses you.
The komodo dragon completely misses you.
9571 ||| READING 3 scrolls of teleportation.
As you read the scroll of teleportation, it crumbles to dust.
You feel strangely unstable.
You feel very sick. The wyvern misses you. The hornet completely misses you.
The black mamba misses you. The wyvern completely misses you.
The hornet barely misses you. You block the black mamba's attack.
The komodo dragon barely misses you. The wyvern bites you!
You die...

##...~~~~.'.########
#..s~~~~~###~~~~~~####
##.~~~~~~~~~~~~~~~~~~~##
#..~~~~~~~~~~~~.%~~~~~~#
##..~~~~~~~~..%.%...~~~#
#~...~~~~......##.%..~~#
#~~...~Y....#######%%~~#
##...slky...##.......~~#
##.~#S@~.####..>..%~~~#
######### ##....~~~~.
#...).~~~## ##.....~~...
##..........P
#P...##+......
##P..#...##...
..........#.....8..####
.....P...............###


You could see a dire elephant, a komodo dragon, a black mamba, a hornet, a
wyvern and 2 scorpions.

Vanquished Creatures
  4 hydras
  A centaur warrior (D:8)
  An alligator (Lair:4)
  A boulder beetle (D:8)
  A death yak (Lair:2)
  A skyshark (Lair:2)
  Amaemon (Lair:3)
  2 spriggan druids (Lair:2)
  Pikel (D:6)
  2 cyclopes (D:8)
  3 black mambas
  17 elephants
  7 cane toads
  An orange demon (Lair:3)
  2 torpor snails
  Maggie (D:7)
  5 komodo dragons
  4 rime drakes
  4 polar bears (Lair:2)
  9 blink frogs (Lair:1)
  A wraith (D:8)
  3 wyverns
  36 yaks
  3 basilisks
  2 nagas (Lair:2)
  15 water moccasins
  5 black bears
  An orc warrior (D:7)
  A sky beast (D:7)
  6 wolves
  A centaur (D:8)
  5 ogres
  A kobold brigand (D:5)
  11 bullfrogs
  4 necrophages (Lair:2)
  6 scorpions
  8 wights (D:8)
  5 killer bees (D:8)
  An electric eel (Lair:4)
  A bombardier beetle (D:5)
  3 gnoll boudas
  4 jellies
  5 orc priests
  2 sleepcaps
  A hound (D:5)
  3 iguanas
  6 orc wizards
  Robin (D:2)
  19 gnolls
  4 adders
  2 ufetubi (D:5)
  2 ribbon worms
  A dart slug (D:2)
  25 orcs
  5 endoplasms
  2 giant cockroaches (D:2)
  11 goblins
  8 hobgoblins
  3 jackals (D:4)
  5 quokkas
  6 ball pythons
  3 bats (D:2)
  3 frilled lizards
  9 kobolds
  4 rats
321 creatures vanquished.

Notes
Turn   | Place    | Note
-------+----------+-------------------------------------------
     0 | D:1      | qw the Spriggan Hunter began the quest for the Orb.
     0 | D:1      | Reached XP level 1. HP: 10/10 MP: 2/2
     0 | D:1      | 0 ||| qw: Version: 0.3-a-157-g843a77d
     0 | D:1      | 0 ||| qw: Game counter: 3964
     0 | D:1      | 0 ||| qw: Melee chars always use a shield: true
     0 | D:1      | 0 ||| qw: God list: Okawaru
     0 | D:1      | 0 ||| qw: Allow faded altars: false
     0 | D:1      | 0 ||| qw: Do Orc after clearing Dungeon:15 true
     0 | D:1      | 0 ||| qw: Do second Lair branch before Depths: true
     0 | D:1      | 0 ||| qw: Lair rune preference: random
     0 | D:1      | 0 ||| qw: Goals: Normal
     0 | D:1      | 0 ||| PLANNING D:1-11
    95 | D:1      | Reached skill level 3 in Dodging
   176 | D:1      | Reached XP level 2. HP: 14/14 MP: 3/3
   470 | D:1      | Found Vonotzank's Distillery.
   541 | D:1      | Reached skill level 4 in Dodging
   542 | D:1      | 542 ||| DROPPING +6 ring of intelligence.
   543 | D:1      | 543 ||| READING scroll labelled WOAHUNT YTTI.
   543 | D:1      | Identified a scroll of acquirement
   543 | D:1      | 543 ||| ACQUIRING +7 hand cannon "Mule" {flame, backblast,
                  | rF+}
   543 | D:1      | Acquired the +7 hand cannon "Mule" {flame, backblast, rF+}
   543 | D:1      | Found the +7 hand cannon "Mule" {flame, backblast, rF+}
   545 | D:1      | 545 ||| SWAPPING to +7 hand cannon "Mule" {flame,
                  | backblast, rF+}.
   546 | D:1      | 546 ||| DROPPING +0 shortbow.
   547 | D:1      | 547 ||| READING scroll labelled HIOJID TEREHOE.
   547 | D:1      | 547 ||| ENCHANTING +0 robe.
   548 | D:1      | 548 ||| DRINKING 2 amethyst potions.
   549 | D:1      | 549 ||| DROPPING scroll of butterflies.
   560 | D:2      | 560 ||| FLEEEEING.
   561 | D:2      | 561 ||| STAIRDANCE
   668 | D:2      | Reached XP level 3. HP: 18/18 MP: 4/4
   894 | D:2      | Noticed Robin
   903 | D:2      | HP: 3/18 [goblin/+0 club[Robin] (4)]
   904 | D:2      | 904 ||| DRINKING potion of heal wounds.
   908 | D:2      | Killed Robin
   910 | D:2      | HP: 3/18 [hobgoblin[Robin] (5)]
  1031 | D:2      | Reached XP level 4. HP: 22/22 MP: 5/5
  1215 | D:2      | Reached skill level 5 in Dodging
  1241 | D:2      | 1241 ||| DROPPING scarf of harm.
  1242 | D:2      | 1242 ||| UPGRADING to +2 animal skin.
  1252 | D:2      | 1252 ||| DROPPING +1 robe.
  1391 | D:3      | 1391 ||| FLEEEEING.
  1392 | D:3      | 1392 ||| FLEEEEING.
  1394 | D:3      | 1394 ||| FLEEEEING.
  1400 | D:3      | 1400 ||| FLEEEEING.
  1401 | D:3      | 1401 ||| FLEEEEING.
  1402 | D:3      | 1402 ||| FLEEEEING.
  1403 | D:3      | 1403 ||| FLEEEEING.
  1404 | D:3      | 1404 ||| FLEEEEING.
  1405 | D:3      | 1405 ||| FLEEEEING.
  1408 | D:3      | 1408 ||| FLEEEEING.
  1409 | D:3      | 1409 ||| FLEEEEING.
  1410 | D:3      | 1410 ||| FLEEEEING.
  1411 | D:3      | 1411 ||| FLEEEEING.
  1412 | D:3      | 1412 ||| FLEEEEING.
  1413 | D:3      | 1413 ||| FLEEEEING.
  1414 | D:3      | 1414 ||| FLEEEEING.
  1415 | D:3      | 1415 ||| FLEEEEING.
  1416 | D:3      | 1416 ||| FLEEEEING.
  1417 | D:3      | 1417 ||| FLEEEEING.
  1418 | D:3      | 1418 ||| FLEEEEING.
  1419 | D:3      | 1419 ||| FLEEEEING.
  1420 | D:3      | 1420 ||| FLEEEEING.
  1421 | D:3      | 1421 ||| FLEEEEING.
  1423 | D:3      | 1423 ||| FLEEEEING.
  1424 | D:3      | 1424 ||| FLEEEEING.
  1426 | D:3      | 1426 ||| FLEEEEING.
  1427 | D:3      | 1427 ||| FLEEEEING.
  1429 | D:3      | 1429 ||| FLEEEEING.
  1430 | D:3      | 1430 ||| STAIRDANCE
  1462 | D:2      | 1462 ||| READING scroll labelled ADUCUUBORCH.
  1465 | D:3      | 1465 ||| STAIRDANCE
  1469 | D:2      | Reached XP level 5. HP: 20/26 MP: 6/6
  1919 | D:3      | Found a faded altar of an unknown god.
  2122 | D:3      | 2122 ||| READING scroll labelled IXEXTE QASHRU.
  2188 | D:4      | Found an ancient bone altar of Kikubaaqudgha.
  2312 | D:4      | Found an iron altar of Okawaru.
  2313 | D:4      | 2313 ||| PLANNING OKAWARU WORSHIP
  2313 | D:4      | 2313 ||| UPGRADING to scarf of repulsion.
  2318 | D:4      | 2318 ||| UPGRADING to +6 ring of strength.
  2326 | D:4      | Became a worshipper of Warmaster Okawaru
  2327 | D:4      | 2327 ||| PLANNING D:1-11
  2656 | D:4      | Noticed a black bear
  2661 | D:4      | Killed a black bear
  2662 | D:4      | Reached skill level 6 in Ranged Weapons
  2662 | D:4      | Reached XP level 6. HP: 30/30 MP: 7/7
  2757 | D:4      | 2757 ||| UPGRADING to amulet of reflection.
  2762 | D:4      | 2762 ||| READING 2 scrolls labelled HYTHEPLUUMAEMM.
  2762 | D:4      | 2762 ||| IDENTIFYING lumpy red potion
  2763 | D:4      | 2763 ||| READING scroll of identify.
  2763 | D:4      | 2763 ||| IDENTIFYING dark potion
  2789 | D:5      | Entered Level 5 of the Dungeon
  2796 | D:5      | 2796 ||| RETREEEEATING.
  2797 | D:5      | 2797 ||| RETREEEEATING.
  2798 | D:5      | 2798 ||| RETREEEEATING.
  2799 | D:5      | 2799 ||| RETREEEEATING.
  2801 | D:5      | 2801 ||| RETREEEEATING.
  2802 | D:5      | HP: 7/30 [hound (3)]
  2805 | D:5      | 2805 ||| RETREEEEATING.
  2806 | D:5      | 2806 ||| RETREEEEATING.
  2809 | D:5      | Reached skill level 6 in Dodging
  2810 | D:5      | HP: 4/30 [black bear (4)]
  2938 | D:5      | Reached * piety under Okawaru
  2939 | D:5      | Reached XP level 7. HP: 35/35 MP: 8/8
  2944 | D:5      | Reached skill level 1 in Invocations
  3075 | D:5      | Reached skill level 7 in Dodging
  3174 | D:5      | Reached ** piety under Okawaru
  3175 | D:5      | Reached skill level 3 in Invocations
  3383 | D:5      | Reached XP level 8. HP: 39/39 MP: 11/11
  3398 | D:5      | 3398 ||| DROPPING ring of magical power.
  3399 | D:5      | 3399 ||| READING 2 scrolls of identify.
  3399 | D:5      | 3399 ||| IDENTIFYING fizzy silvery potion
  3400 | D:5      | 3400 ||| READING scroll of identify.
  3400 | D:5      | 3400 ||| IDENTIFYING golden potion
  3401 | D:5      | 3401 ||| READING scroll labelled CUCOM LOUM.
  3402 | D:5      | 3402 ||| READING scroll labelled VOUPRE FIECK.
  3503 | D:5      | 3503 ||| DRINKING 2 lumpy clear potions.
  3504 | D:5      | 3504 ||| DRINKING 2 fizzy brown potions.
  3505 | D:5      | 3505 ||| DROPPING potion of brilliance.
  3528 | D:6      | 3528 ||| STAIRDANCE
  3544 | D:6      | 3544 ||| STAIRDANCE
  3627 | D:6      | Found a staircase to the Ecumenical Temple.
  3655 | D:6      | Reached skill level 8 in Dodging
  3673 | D:6      | Noticed Pikel
  3674 | D:6      | 3674 ||| RETREEEEATING.
  3675 | D:6      | 3675 ||| INVOKING Heroism.
  3677 | D:6      | Killed Pikel
  4034 | D:6      | Reached *** piety under Okawaru
  4035 | D:6      | Reached XP level 9. HP: 46/46 MP: 13/13
  4433 | D:6      | 4433 ||| DROPPING amulet of guardian spirit.
  4434 | D:6      | 4434 ||| UPGRADING to +6 ring of dexterity.
  4497 | D:7      | Reached skill level 9 in Dodging
  4581 | D:7      | Noticed Maggie
  4582 | D:7      | 4582 ||| INVOKING Heroism.
  4588 | D:7      | Killed Maggie
  4589 | D:7      | Reached skill level 10 in Dodging
  4637 | D:7      | Found a bloodstained altar of Trog.
  4864 | D:7      | 4864 ||| FLEEEEING.
  4872 | D:7      | 4872 ||| FLEEEEING.
  4873 | D:7      | 4873 ||| FLEEEEING.
  4874 | D:7      | 4874 ||| FLEEEEING.
  4875 | D:7      | 4875 ||| FLEEEEING.
  4876 | D:7      | 4876 ||| FLEEEEING.
  4877 | D:7      | 4877 ||| FLEEEEING.
  4990 | D:7      | Reached skill level 9 in Ranged Weapons
  5181 | D:7      | Found a white marble altar of Elyvilon.
  5220 | D:7      | 5220 ||| UPGRADING to +0 acid dragon scales.
  5230 | D:7      | 5230 ||| DROPPING +2 animal skin.
  5231 | D:7      | 5231 ||| DROPPING amulet of the acrobat.
  5232 | D:7      | 5232 ||| READING scroll of identify.
  5232 | D:7      | 5232 ||| IDENTIFYING lumpy brown potion
  5233 | D:7      | 5233 ||| READING 3 scrolls labelled ZETYGH ANYEDU.
  5234 | D:7      | 5234 ||| READING scroll labelled ONAGOIHATU.
  5235 | D:7      | 5235 ||| DROPPING 2 scrolls of blinking.
  5306 | D:8      | 5306 ||| RETREEEEATING.
  5307 | D:8      | 5307 ||| RETREEEEATING.
  5308 | D:8      | 5308 ||| RETREEEEATING.
  5309 | D:8      | 5309 ||| RETREEEEATING.
  5310 | D:8      | 5310 ||| RETREEEEATING.
  5314 | D:8      | 5314 ||| RETREEEEATING.
  5316 | D:8      | 5316 ||| RETREEEEATING.
  5317 | D:8      | 5317 ||| RETREEEEATING.
  5320 | D:8      | Reached skill level 1 in Armour
  5329 | D:8      | HP: 11/46 [killer bee (7)]
  5336 | D:8      | HP: 10/46 [poisoned by a killer bee]
  5341 | D:8      | HP: 6/46 [poisoned by a killer bee]
  5352 | D:8      | 5352 ||| FLEEEEING.
  5353 | D:8      | 5353 ||| FLEEEEING.
  5354 | D:8      | 5354 ||| FLEEEEING.
  5355 | D:8      | 5355 ||| FLEEEEING.
  5356 | D:8      | 5356 ||| FLEEEEING.
  5357 | D:8      | 5357 ||| FLEEEEING.
  5364 | D:8      | 5364 ||| INVOKING Heroism.
  5365 | D:8      | 5365 ||| DRINKING potion of haste.
  5541 | D:8      | 5541 ||| RETREEEEATING.
  5542 | D:8      | 5542 ||| INVOKING Heroism.
  5545 | D:8      | Reached skill level 11 in Dodging
  5545 | D:8      | 5545 ||| RETREEEEATING.
  5546 | D:8      | 5546 ||| RETREEEEATING.
  5548 | D:8      | 5548 ||| RETREEEEATING.
  5549 | D:8      | 5549 ||| RETREEEEATING.
  5551 | D:8      | 5551 ||| RETREEEEATING.
  5552 | D:8      | 5552 ||| RETREEEEATING.
  5554 | D:8      | 5554 ||| RETREEEEATING.
  5555 | D:8      | 5555 ||| RETREEEEATING.
  5556 | D:8      | Reached **** piety under Okawaru
  5558 | D:8      | Reached XP level 10. HP: 51/51 MP: 12/14
  5575 | D:8      | Noticed a cyclops
  5576 | D:8      | 5576 ||| INVOKING Finesse.
  5579 | D:8      | Killed a cyclops
  5668 | D:8      | Found a runed translucent gate.
  5671 | D:8      | Found a runed translucent gate.
  5672 | D:8      | Found a runed translucent gate.
  5676 | D:8      | Noticed qw's ghost (novice GrHu)
  5695 | D:8      | Found a staircase to the Lair.
  5698 | D:8      | Reached skill level 12 in Dodging
  5787 | D:8      | Noticed a centaur warrior
  5788 | D:8      | 5788 ||| INVOKING Finesse.
  5794 | D:8      | Killed a centaur warrior
  5795 | D:8      | Reached skill level 6 in Invocations
  5843 | D:8      | Noticed a cyclops
  5844 | D:8      | 5844 ||| INVOKING Finesse.
  5846 | D:8      | Killed a cyclops
  5919 | D:8      | Noticed a boulder beetle
  5920 | D:8      | 5920 ||| INVOKING Finesse.
  5924 | D:8      | Killed a boulder beetle
  5924 | D:8      | Reached ***** piety under Okawaru
  6138 | D:8      | 6138 ||| PLANNING LAIR
  6138 | D:8      | 6138 ||| READING scroll labelled YTEINE QYEMYE.
  6140 | D:8      | 6140 ||| Stepping ~*~*~tactically~*~*~ (cloud).
  6251 | Lair:1   | Entered Level 1 of the Lair of Beasts
  6258 | Lair:1   | Noticed a cane toad
  6259 | Lair:1   | 6259 ||| INVOKING Finesse.
  6265 | Lair:1   | Killed a cane toad
  6275 | Lair:1   | Reached XP level 11. HP: 54/54 MP: 12/17
  6286 | Lair:1   | Reached skill level 13 in Dodging
  6333 | Lair:1   | 6333 ||| RETREEEEATING.
  6337 | Lair:1   | 6337 ||| RETREEEEATING.
  6338 | Lair:1   | 6338 ||| RETREEEEATING.
  6339 | Lair:1   | 6339 ||| RETREEEEATING.
  6346 | Lair:1   | Received a gift from Okawaru
  6427 | Lair:1   | 6427 ||| RETREEEEATING.
  6428 | Lair:1   | 6428 ||| RETREEEEATING.
  6429 | Lair:1   | 6429 ||| RETREEEEATING.
  6431 | Lair:1   | 6431 ||| RETREEEEATING.
  6433 | Lair:1   | 6433 ||| RETREEEEATING.
  6438 | Lair:1   | 6438 ||| RETREEEEATING.
  6439 | Lair:1   | 6439 ||| RETREEEEATING.
  6503 | Lair:1   | Reached skill level 9 in Invocations
  6542 | Lair:1   | Reached skill level 12 in Ranged Weapons
  6624 | Lair:1   | Found a glowing silver altar of Zin.
  6644 | Lair:1   | 6644 ||| RETREEEEATING.
  6645 | Lair:1   | 6645 ||| RETREEEEATING.
  6646 | Lair:1   | 6646 ||| RETREEEEATING.
  6648 | Lair:1   | 6648 ||| INVOKING Finesse.
  6650 | Lair:1   | 6650 ||| RETREEEEATING.
  6653 | Lair:1   | 6653 ||| RETREEEEATING.
  6654 | Lair:1   | 6654 ||| RETREEEEATING.
  6655 | Lair:1   | 6655 ||| RETREEEEATING.
  6656 | Lair:1   | 6656 ||| RETREEEEATING.
  6657 | Lair:1   | 6657 ||| RETREEEEATING.
  6658 | Lair:1   | 6658 ||| RETREEEEATING.
  6659 | Lair:1   | 6659 ||| RETREEEEATING.
  6660 | Lair:1   | 6660 ||| RETREEEEATING.
  6661 | Lair:1   | 6661 ||| RETREEEEATING.
  6662 | Lair:1   | 6662 ||| RETREEEEATING.
  6663 | Lair:1   | 6663 ||| RETREEEEATING.
  6664 | Lair:1   | 6664 ||| RETREEEEATING.
  6665 | Lair:1   | 6665 ||| RETREEEEATING.
  6666 | Lair:1   | 6666 ||| RETREEEEATING.
  6916 | Lair:2   | Noticed a seven-headed hydra
  6917 | Lair:2   | 6917 ||| INVOKING Finesse.
  6928 | Lair:2   | Killed a seven-headed hydra
  6928 | Lair:2   | Received a gift from Okawaru
  6929 | Lair:2   | Reached skill level 14 in Dodging
  6932 | Lair:2   | Reached XP level 12. HP: 60/60 MP: 15/20
  6967 | Lair:2   | Noticed a death yak
  6968 | Lair:2   | 6968 ||| INVOKING Finesse.
  6972 | Lair:2   | Killed a death yak
  7009 | Lair:2   | Noticed a seven-headed hydra
  7010 | Lair:2   | 7010 ||| INVOKING Finesse.
  7073 | Lair:2   | 7073 ||| INVOKING Finesse.
  7075 | Lair:2   | Reached skill level 15 in Dodging
  7140 | Lair:2   | 7140 ||| RETREEEEATING.
  7141 | Lair:2   | 7141 ||| RETREEEEATING.
  7142 | Lair:2   | 7142 ||| RETREEEEATING.
  7246 | Lair:2   | 7246 ||| RETREEEEATING.
  7323 | Lair:2   | Found a staircase to the Swamp.
  7332 | Lair:2   | Received a gift from Okawaru
  7545 | Lair:2   | 7545 ||| INVOKING Finesse.
  7550 | Lair:2   | Killed a seven-headed hydra
  7599 | Lair:2   | 7599 ||| INVOKING Finesse.
  7684 | Lair:2   | Found a staircase to the Snake Pit.
  7746 | Lair:2   | 7746 ||| RETREEEEATING.
  7747 | Lair:2   | 7747 ||| RETREEEEATING.
  7748 | Lair:2   | 7748 ||| RETREEEEATING.
  7749 | Lair:2   | 7749 ||| RETREEEEATING.
  7750 | Lair:2   | 7750 ||| RETREEEEATING.
  7751 | Lair:2   | 7751 ||| RETREEEEATING.
  7755 | Lair:2   | 7755 ||| INVOKING Finesse.
  7768 | Lair:2   | Reached skill level 6 in Fighting
  7780 | Lair:2   | Received a gift from Okawaru
  7780 | Lair:2   | HP: 8/61 [elephant (10)]
  7781 | Lair:2   | 7781 ||| DRINKING potion of heal wounds.
  7790 | Lair:2   | Reached skill level 16 in Dodging
  8234 | Lair:2   | 8234 ||| READING scroll labelled KUTZOAFAKOIDGH.
  8235 | Lair:2   | 8235 ||| READING scroll labelled WUOKLO YQ UWA.
  8329 | Lair:2   | 8329 ||| DRINKING 2 grey potions.
  8348 | Lair:2   | 8348 ||| DROPPING potion of lignification.
  8369 | Lair:3   | Noticed Amaemon
  8374 | Lair:3   | Killed Amaemon
  8375 | Lair:3   | Reached XP level 13. HP: 65/65 MP: 21/21
  8396 | Lair:3   | Found a runed translucent gate.
  8397 | Lair:3   | Found a runed translucent gate.
  8398 | Lair:3   | Found a runed translucent gate.
  8512 | Lair:3   | 8512 ||| RETREEEEATING.
  8513 | Lair:3   | 8513 ||| RETREEEEATING.
  8515 | Lair:3   | 8515 ||| RETREEEEATING.
  8516 | Lair:3   | 8516 ||| RETREEEEATING.
  8517 | Lair:3   | 8517 ||| RETREEEEATING.
  8518 | Lair:3   | 8518 ||| RETREEEEATING.
  8519 | Lair:3   | 8519 ||| RETREEEEATING.
  8520 | Lair:3   | 8520 ||| RETREEEEATING.
  8521 | Lair:3   | 8521 ||| RETREEEEATING.
  8522 | Lair:3   | 8522 ||| RETREEEEATING.
  8523 | Lair:3   | 8523 ||| RETREEEEATING.
  8524 | Lair:3   | 8524 ||| RETREEEEATING.
  8525 | Lair:3   | 8525 ||| RETREEEEATING.
  8624 | Lair:3   | 8624 ||| RETREEEEATING.
  8628 | Lair:3   | 8628 ||| RETREEEEATING.
  8629 | Lair:3   | 8629 ||| RETREEEEATING.
  8631 | Lair:3   | 8631 ||| RETREEEEATING.
  8638 | Lair:3   | Received a gift from Okawaru
  8855 | Lair:3   | 8855 ||| RETREEEEATING.
  8856 | Lair:3   | 8856 ||| RETREEEEATING.
  8858 | Lair:3   | 8858 ||| RETREEEEATING.
  8862 | Lair:3   | 8862 ||| RETREEEEATING.
  8863 | Lair:3   | 8863 ||| RETREEEEATING.
  8864 | Lair:3   | 8864 ||| RETREEEEATING.
  8868 | Lair:3   | 8868 ||| RETREEEEATING.
  8869 | Lair:3   | 8869 ||| RETREEEEATING.
  8870 | Lair:3   | 8870 ||| RETREEEEATING.
  8920 | Lair:3   | Noticed a minotaur
  8921 | Lair:3   | Noticed qw's ghost (journeyman DgHu)
  9207 | Lair:3   | 9207 ||| UPGRADING to ring of willpower.
  9209 | Lair:3   | 9209 ||| READING 2 scrolls of identify.
  9209 | Lair:3   | 9209 ||| IDENTIFYING scroll labelled INUICK ALORICK
  9210 | Lair:3   | 9210 ||| READING scroll of identify.
  9210 | Lair:3   | 9210 ||| IDENTIFYING 3 scrolls labelled QANEICKOID
  9211 | Lair:3   | 9211 ||| DROPPING scroll of immolation.
  9259 | Lair:4   | Reached skill level 15 in Ranged Weapons
  9357 | Lair:4   | 9357 ||| RETREEEEATING.
  9369 | Lair:4   | 9369 ||| INVOKING Finesse.
  9549 | Lair:4   | Noticed a dire elephant
  9550 | Lair:4   | 9550 ||| RETREEEEATING.
  9556 | Lair:4   | 9556 ||| RETREEEEATING.
  9557 | Lair:4   | 9557 ||| RETREEEEATING.
  9558 | Lair:4   | 9558 ||| RETREEEEATING.
  9559 | Lair:4   | 9559 ||| RETREEEEATING.
  9560 | Lair:4   | 9560 ||| RETREEEEATING.
  9561 | Lair:4   | 9561 ||| RETREEEEATING.
  9562 | Lair:4   | 9562 ||| RETREEEEATING.
  9563 | Lair:4   | 9563 ||| RETREEEEATING.
  9564 | Lair:4   | 9564 ||| RETREEEEATING.
  9565 | Lair:4   | 9565 ||| RETREEEEATING.
  9569 | Lair:4   | Received a gift from Okawaru
  9570 | Lair:4   | HP: 11/65 [hornet (10)]
  9571 | Lair:4   | 9571 ||| READING 3 scrolls of teleportation.
  9571 | Lair:4   | Slain by a wyvern

Levels and vault maps discovered:
D:1:      matt_arrival_spirals, layout_basic, serial_shops,
          nicolae_shop_gibbet_a_chance
D:2:      layout_loops_cross, serial_bayou_pond_b, uniq_robin
D:3:      layout_basic, hellmonk_ecumenical_altar_inner_sanctum
D:4:      layout_loops_ring, okawaru_metal_pillars_1_2,
          mainiacjoe_overflow_small_starburst
D:5:      layout_rooms
D:6:      mumra_celtic_spiral_tile, layout_basic,
          minmay_temple_entry_sparse_star, uniq_pikel
D:7:      layout_loops_cross, elyvilon_altar_4, nicolae_overflow_crystal_walls,
          uniq_maggie
D:8:      layout_rooms, david_lair_generic, gammafunk_ghost_necromancy,
          kb_rosetta
Lair:1:   layout_hall_layers, basic_altar
Lair:2:   layout_regular_city, mainiacjoe_swamp_entry_angry_trees,
          guppyfry_snake_entry_garden, roderic_carrion_pond,
          cheibrodos_lair_lostbears
Lair:3:   layout_regular_city, maelrawn_ghost_gauntlet_escape, uniq_amaemon
Lair:4:   layout_hall_layers, dpeg_slime_entry_corner,
          nicolae_volcano_entry_hallway, nicolae_lair_lakeside_cave,
          grunt_megastairs_4, lemuel_fruit_fields

Skill      XL: |  1  2  3  4  5  6  7  8  9 10 11 12 13 |
---------------+----------------------------------------+-----
Dodging        | 3 4 5 6 7 8 11 12 14 16 | 16.0
Ranged Weapons | 5 6 7 8 10 11 12 14 15 | 15.9
Fighting       | 2 4 5 6 |  6.1
Invocations    | 3 4 7 10 | 10.0
Armour         | 1 2 |  2.0
Stealth        | |  1.5

Action                     |  1- 3 |  4- 6 |  7- 9 | 10-12 | 13-15 || total
---------------------------+-------+-------+-------+-------+-------++-------
   Fire: Shortbow          |    28 |       |       |       |       ||    28
         Hand cannon       |    38 |    71 |   152 |   341 |   142 ||   744
 Invoke: Heroism           |       |       |     4 |       |       ||     4
         Finesse           |       |       |       |    13 |     1 ||    14
    Use: Scroll            |     2 |     4 |     7 |     3 |     3 ||    19
         Potion            |     2 |       |     3 |     2 |       ||     7
 Armour: Robe              |    19 |     1 |       |       |       ||    20
         Animal skin       |       |    17 |    10 |       |       ||    27
         Acid dragon scale |       |       |    11 |    34 |    21 ||    66
  Dodge: Dodged            |    51 |    27 |   109 |   160 |   104 ||   451
         Repelled          |       |       |     1 |     1 |     4 ||     6
  Block: Other             |       |     3 |    26 |    14 |    15 ||    58

Table legend:
 A = Non-vault XP
 B = Vault XP
 C = Vault XP percentage of total XP
 D = Non-vault monster count
 E = Vault monster count
 F = Vault count percentage of total count
                 A         B        C        D         E       F
            +---------+---------+-------+---------+---------+-------
      Total |   34580 |   15599 |  31.1 |     259 |      61 |  19.1
            +---------+---------+-------+---------+---------+-------
        D:1 |      18 |       0 |   0.0 |      12 |       0 |   0.0
        D:2 |     121 |      55 |  31.2 |      22 |      15 |  40.5
        D:3 |      67 |       0 |   0.0 |      11 |       0 |   0.0
        D:4 |     177 |       0 |   0.0 |      16 |       0 |   0.0
        D:5 |    1206 |       0 |   0.0 |      36 |       0 |   0.0
        D:6 |     568 |     607 |  51.7 |      10 |       1 |   9.1
        D:7 |     906 |     385 |  29.8 |      23 |       1 |   4.2
        D:8 |    3048 |    3039 |  49.9 |      30 |       8 |  21.1
     Lair:1 |   10069 |       0 |   0.0 |      40 |       0 |   0.0
     Lair:2 |   12955 |    4009 |  23.6 |      33 |      14 |  29.8
     Lair:3 |    4965 |    1176 |  19.1 |      24 |       2 |   7.7
     Lair:4 |     480 |    6328 |  92.9 |       2 |      20 |  90.9
            +---------+---------+-------+---------+---------+-------
